[Event "55th Biel Festival MTO 2022"]
[Site "Biel"]
[Date "2022.07.21"]
[Round "8.5"]
[White "Sethuraman, S.P."]
[Black "Aryan Chopra"]
[Result "1-0"]
[ECO "E20"]
[WhiteElo "2623"]
[BlackElo "2610"]
[Annotator "TA"]
[PlyCount "99"]
[EventDate "2022.07.13"]
[EventType "swiss"]
[EventCountry "SUI"]
[SourceTitle "playchess.com"]
[Source "ChessBase"]
[SourceQuality "1"]
[TimeControl "40/5400+30:1800+30"]

1. d4 Nf6 2. c4 e6 3. Nf3 d5 4. g3 dxc4 5. Bg2 Bb4+ 6. Nc3 O-O 7. O-O Nc6 8. Re1 Rb8 9. e4 {[%emt 0:00:39] E20: Nimzo-Indian: 4 g3 and 4 f3.} b5 10. a3 Be7 11. Bf4 {[%emt 0:00:27] Black has an edge.} Na5 12. Qc2 Nh5 13. Be3 {[%emt 0:01:50] [#]} Nf6 $146 {[%emt 0:07:06] Against d5} ({Predecessor:} 13... f5 14. Ne5 f4 15. gxf4 Nxf4 16. Bxf4 Rxf4 17. Rad1 c5 18. d5 Qc7 19. Nf3 b4 {½-½ (50) Rechner,K (2011)-Keller,K (2139) Germany 2012}) 14. Rad1 Bb7 {[%emt 0:00:07] Against d5} (14... a6 $11 {remains equal.}) 15. d5 $1 $16 exd5 16. Bxa7 Ra8 17. Bd4 c6 (17... c5 $14 18. Bxf6 Bxf6) 18. Bxf6 {[%emt 0:01:32] White is more active.} ({White should try} 18. exd5 Nxd5 19. Ne5) 18... Bxf6 19. exd5 cxd5 {[%emt 0:04:39] [#]} 20. Nxd5 $1 Bxd5 {[%emt 0:01:00] [#]} 21. Ng5 $1 {[%emt 0:00:35][%mdl 64] Decoy} Bxg5 22. Rxd5 Qb6 {[%emt 0:00:16] Hoping for ...Bf6.} 23. Rxg5 Rae8 (23... h6 $16 {was necessary.} 24. Bxa8 hxg5) 24. Rxe8 $40 {[%emt 0:07:58][%mdl 128] Black is in trouble.} Rxe8 {[%emt 0:01:01] [#]} 25. a4 $1 Qd8 26. Rxb5 {[%emt 0:04:56] aiming for Bd5.} Re1+ 27. Bf1 h6 28. Qf5 ({Wrong is} 28. Qc3 $2 {[#]} Qd1 $1 29. Kg2 (29. Rxa5 $2 Rxf1+ 30. Kg2 Rg1+ 31. Kh3 Qd7+ 32. Kh4 Rg2 $19) 29... Rxf1 $19) 28... Nb3 (28... g6 {is a better defense.} 29. Qd5 Qxd5 30. Rxd5 Nb7) 29. Rd5 Qe8 30. a5 Ra1 31. a6 Kf8 32. Kg2 Qc6 33. Qd7 (33. Qe4 $142 {White threatens Rd8+ and mate.} Qa8 34. Qxc4 (34. Bxc4 Nd2 $18)) 33... Qxd7 34. Rxd7 {[%emt 0:00:06][%mdl 4096] Endgame KRB-KRN} Nc5 35. Rc7 Nxa6 36. Rc8+ ({Don't play} 36. Rxc4 Ke7 37. Rc8 Nb4 38. Rc7+ Kf8 $18) 36... Ke7 37. Bxc4 {[%emt 0:00:07] Threatens to win with Ra8.} Ra4 38. b3 Ra2 39. b4 Ra4 40. Bb5 Ra2 41. Bc4 (41. Re8+ $142 Kd6 42. Bc4) 41... Ra4 $1 42. b5 Nb8 43. Bxf7 ({Not} 43. Rxb8 Rxc4 44. b6 Rc3 $16) 43... Nd7 44. Be8 Ne5 45. Bc6 Rb4 46. f4 Rb2+ 47. Kh3 Nc4 48. Re8+ Kf6 $2 (48... Kf7 49. Rd8 Kf6 50. Rf8+ Ke7 51. Re8+ Kf7) 49. Bd5 Nd2 50. Re2 {[%emt 0:00:38] Weighted Error Value: White=0.25 (precise) /Black=0.37} 1-0

[Event "55th Biel Festival MTO 2022"]
[Site "Biel"]
[Date "2022.07.21"]
[Round "8.6"]
[White "Iturrizaga Bonelli Eduardo"]
[Black "Pranav Anand"]
[Result "1/2-1/2"]
[ECO "A11"]
[WhiteElo "2619"]
[BlackElo "2463"]
[Annotator "ChessBase"]
[PlyCount "73"]
[EventDate "2022.07.13"]
[EventType "swiss"]
[EventCountry "SUI"]
[SourceTitle "playchess.com"]
[Source "ChessBase"]
[SourceQuality "1"]
[TimeControl "40/5400+30:1800+30"]

1. c4 e6 2. Nf3 d5 3. e3 Nf6 4. Nc3 c6 5. b3 Nbd7 6. Bb2 Bd6 7. Qc2 Qe7 8. Be2 O-O 9. O-O b6 10. Nd4 Bb7 11. cxd5 cxd5 12. Ndb5 Rfc8 13. Nxd6 Qxd6 14. d4 Ne4 15. Rfc1 Nxc3 16. Bxc3 Nf6 17. Qb2 Qd7 18. Be1 Ne4 19. f3 Nd6 20. g4 h5 21. h3 hxg4 22. hxg4 f5 23. Bg3 fxg4 24. fxg4 Ne4 25. Be5 Qe7 26. Kg2 Qh4 27. Bf3 Ba6 28. Rh1 Qg5 29. Bf4 Qg6 30. Rac1 Ng5 31. Bxg5 Qxg5 32. Qd2 Rxc1 33. Rxc1 Rf8 34. Be2 Rf6 35. Rf1 Bxe2 36. Qxe2 Qg6 37. Kg3 1/2-1/2

[Event "55th Biel Festival MTO 2022"]
[Site "Biel"]
[Date "2022.07.21"]
[Round "8.7"]
[White "Mendonca Leon Luke"]
[Black "Ganguly Surya Shekhar"]
[Result "1-0"]
[ECO "D35"]
[WhiteElo "2567"]
[BlackElo "2608"]
[Annotator "ChessBase"]
[PlyCount "57"]
[EventDate "2022.07.13"]
[EventType "swiss"]
[EventCountry "SUI"]
[SourceTitle "playchess.com"]
[Source "ChessBase"]
[SourceQuality "1"]
[TimeControl "40/5400+30:1800+30"]

1. d4 Nf6 2. c4 e6 3. Bf4 d5 4. cxd5 exd5 5. e3 Bb4+ 6. Nc3 O-O 7. Bd3 c5 8. Nge2 Nc6 9. dxc5 Bxc5 10. O-O a6 11. Rc1 Ba7 12. Bg5 h6 13. Bxf6 Qxf6 14. Nxd5 Qxb2 15. Bc4 Bg4 16. h3 Bxe2 17. Qxe2 Qe5 18. a4 Rad8 19. Rfd1 Kh8 20. Rb1 Bb8 21. f4 Qe4 22. Qd3 Rfe8 23. Qxe4 Rxe4 24. Be2 Na5 25. Bf3 Rxa4 26. Nb6 Rxd1+ 27. Rxd1 Rb4 28. Rd8+ Kh7 29. Nd5 1-0

[Event "55th Biel Festival MTO 2022"]
[Site "Biel"]
[Date "2022.07.21"]
[Round "8.8"]
[White "Puranik Abhimanyu"]
[Black "Iniyan P"]
[Result "1-0"]
[ECO "C65"]
[WhiteElo "2612"]
[BlackElo "2533"]
[Annotator "RC"]
[PlyCount "71"]
[EventDate "2022.07.13"]
[EventType "swiss"]
[EventCountry "SUI"]
[SourceTitle "playchess.com"]
[Source "ChessBase"]
[SourceQuality "1"]
[TimeControl "40/5400+30:1800+30"]

1. e4 e5 2. Nf3 Nc6 3. Bb5 Nf6 4. d3 Bc5 5. c3 d6 6. O-O O-O 7. Nbd2 a6 8. Ba4 Ba7 9. h3 Nh5 10. Nh2 Ng3 11. Re1 Qh4 12. d4 Nxd4 13. cxd4 Bxd4 14. Nhf3 Bxf2+ 15. Kxf2 Nxe4+ 16. Kg1 Qf2+ 17. Kh1 Bxh3 18. Rg1 Ng3+ 19. Kh2 Be6 20. Qe1 Qxe1 21. Rxe1 Nf5 22. Bc2 f6 23. Ne4 b6 24. Ng3 Nxg3 25. Kxg3 c5 26. a4 h6 27. Bd2 g5 28. a5 Rab8 29. Bc3 b5 30. Rad1 Rfd8 31. b4 Rbc8 32. Bb1 d5 33. bxc5 Rxc5 34. Bb4 Rc7 35. Nd4 Kf7 36. Bg6+ 1-0

[Event "55th Biel Festival MTO 2022"]
[Site "Biel"]
[Date "2022.07.21"]
[Round "8.9"]
[White "Yu Yangyi"]
[Black "Prraneeth Vuppala"]
[Result "1/2-1/2"]
[ECO "D27"]
[WhiteElo "2720"]
[BlackElo "2457"]
[Annotator "TA"]
[PlyCount "89"]
[EventDate "2022.07.13"]
[EventType "swiss"]
[EventCountry "SUI"]
[SourceTitle "playchess.com"]
[Source "ChessBase"]
[SourceQuality "1"]
[TimeControl "40/5400+30:1800+30"]

1. Nf3 d5 2. c4 e6 3. e3 Nf6 4. Nc3 c5 5. d4 Nc6 6. a3 dxc4 7. Bxc4 a6 8. Bd3 cxd4 9. exd4 Be7 10. O-O O-O 11. Bb1 {[%emt 0:05:06] D27: Queen's Gambit Accepted: Classical main line: 7 e4!? and 7 a4.} b5 12. Qd3 Bb7 13. Bg5 g6 14. Ba2 {[%emt 0:00:28] [#]} Ng4 $146 ({Predecessor:} 14... b4 15. Na4 bxa3 16. bxa3 Na5 17. Ne5 Be4 18. Qd2 Nc6 19. Rfd1 Rc8 {½-½ (30) Cech,P (2355)-Seifert,V (2359) Germany 2016}) 15. h4 Nce5 16. Nxe5 Nxe5 {[%emt 0:00:08][%mdl 64] Pin} 17. Qe3 Nc4 18. Bxc4 bxc4 19. Rad1 Re8 20. Rfe1 Bd5 21. Qg3 h5 22. Re5 Bxg5 23. Rxg5 Qb8 24. Re5 Kg7 (24... Rd8 $11) 25. f4 $1 $14 Bc6 26. Rd2 $1 Kh7 27. Rc5 Bd5 28. Qg5 Qd8 29. Nxd5 exd5 30. Rxd5 Qb6 {[%emt 0:00:41] [#]} (30... Qc7 $142) 31. f5 $1 $36 {[%emt 0:01:56][%mdl 2048] White has strong initiative.} Re1+ {[%emt 0:00:28] [#]} 32. Kf2 $1 Rae8 33. fxg6+ fxg6 34. Rd7+ Kg8 35. Qd5+ ({Don't play} 35. Kg3 $6 R1e4 36. Kh2 Qc6 37. Qd5+ Qxd5 38. Rxd5 Rxh4+ 39. Kg1 Re1+ 40. Kf2 Ree4 $11) 35... Qe6 (35... Kh8 36. Qf7 R8e7 37. Rxe7 $18) 36. Qxe6+ R1xe6 {[%emt 0:00:07][%cal Be1e6,Be6f6,Bf6f4][%mdl 4128] Endgame KRR-KRR} 37. d5 (37. Rc2 $142) 37... Rf6+ 38. Kg1 {[%emt 0:00:38] Rc7 is the strong threat.} Rf4 39. d6 ({Better is} 39. g3 $16 Rf3 40. Kh2) 39... Re1+ $1 $11 40. Kh2 {[%emt 0:00:01] Threatens to win with Rd8+.} Ref1 ({Black should play} 40... Rxh4+ $11 41. Kg3 Rg4+ 42. Kf2 Ree4) 41. Kh3 {[%emt 0:44:12] White is more active.} (41. g3 $14 R4f2+ 42. Rxf2 Rxf2+ 43. Kh3) 41... Rh1+ 42. Kg3 Rhf1 {[%emt 0:00:24] The position is equal.} 43. Kh3 {[%emt 0:00:00] aiming for Rd8+.} Rh1+ 44. Kg3 Rhf1 45. Kh3 {[%emt 0:00:00] Weighted Error Value: White=0.10 (very precise) /Black=0.10 (very precise)} 1/2-1/2

[Event "55th Biel Festival MTO 2022"]
[Site "Biel"]
[Date "2022.07.21"]
[Round "8.10"]
[White "Mohammad Nubairshah Shaikh"]
[Black "Martirosyan, Haik M."]
[Result "0-1"]
[ECO "A04"]
[WhiteElo "2445"]
[BlackElo "2672"]
[Annotator "RC"]
[PlyCount "118"]
[EventDate "2022.07.13"]
[EventType "swiss"]
[EventCountry "SUI"]
[SourceTitle "playchess.com"]
[Source "ChessBase"]
[SourceQuality "1"]
[TimeControl "40/5400+30:1800+30"]

1. Nf3 c5 2. g3 Nc6 3. Bg2 g6 4. c3 e5 5. e4 Bg7 6. O-O Nge7 7. Na3 O-O 8. d3 d5 9. exd5 Nxd5 10. Re1 h6 11. Qb3 Nc7 12. Be3 b6 13. Rad1 Be6 14. Qa4 Bd7 15. Qc2 Nd5 16. Bc1 Re8 17. Nc4 Bf5 18. h3 Qc7 19. Nh2 Qd7 20. Qa4 Be6 21. Ng4 h5 22. Nge3 Nde7 23. h4 Rad8 24. a3 Rb8 25. Qb5 Qc7 26. a4 Na5 27. Nxa5 bxa5 28. Qa6 Bb3 29. Nc4 Bxa4 30. Qxa5 Qxa5 31. Nxa5 Bxd1 32. Rxd1 Red8 33. Kf1 Rb5 34. Nc4 Nf5 35. Bc6 Rbb8 36. Ke2 Nd6 37. Na5 Rb6 38. Bg2 Rb5 39. Nc6 Rd7 40. Re1 e4 41. Rd1 Rc7 42. dxe4 Nc4 43. e5 Rb6 44. Rd8+ Kh7 45. f4 Nxb2 46. Nb8 Na4 47. Kd3 Rb3 48. Bd2 Rb2 49. Na6 c4+ 50. Ke3 Re7 51. Nb4 Nxc3 52. Nc6 Rc7 53. Bf3 Nb1 54. Ba5 Rb3+ 55. Ke2 c3 56. Kd1 Na3 57. Be4 Rxc6 58. Bxc6 c2+ 59. Kd2 Rb1 0-1

[Event "55th Biel Festival MTO 2022"]
[Site "Biel"]
[Date "2022.07.21"]
[Round "8.11"]
[White "Licznerski, Lukasz"]
[Black "Lagarde, Maxime"]
[Result "1/2-1/2"]
[ECO "B58"]
[WhiteElo "2451"]
[BlackElo "2631"]
[Annotator "RC"]
[PlyCount "81"]
[EventDate "2022.07.13"]
[EventType "swiss"]
[EventCountry "SUI"]
[SourceTitle "playchess.com"]
[Source "ChessBase"]
[SourceQuality "1"]
[TimeControl "40/5400+30:1800+30"]

1. e4 c5 2. Nf3 Nc6 3. d4 cxd4 4. Nxd4 Nf6 5. Nc3 d6 6. Be2 e5 7. Nf3 h6 8. O-O Be7 9. Re1 Be6 10. Bf1 Bg4 11. h3 Bh5 12. g4 Bg6 13. Nh4 O-O 14. Bc4 Kh8 15. Nf5 Bxf5 16. exf5 Rc8 17. Bd5 Qb6 18. Rb1 Nd4 19. Be3 Bd8 20. Bg2 Rc4 21. Nd5 Nxd5 22. Bxd5 Rc5 23. Bg2 Bg5 24. c3 Bxe3 25. Rxe3 Nc6 26. Rd3 Re8 27. b4 Rc4 28. b5 Ne7 29. Rxd6 Qc5 30. Rd8 Rxd8 31. Qxd8+ Kh7 32. f6 Ng6 33. Qd5 Qxd5 34. Bxd5 Rxc3 35. fxg7 Nf4 36. Bxb7 Nxh3+ 37. Kf1 Kxg7 38. a4 Ra3 39. Bc6 Ra2 40. f3 Nf4 41. b6 1/2-1/2

[Event "55th Biel Festival MTO 2022"]
[Site "Biel"]
[Date "2022.07.21"]
[Round "8.12"]
[White "Panjwani, Raja"]
[Black "Banusz, Tamas"]
[Result "1/2-1/2"]
[ECO "D12"]
[WhiteElo "2450"]
[BlackElo "2611"]
[Annotator "ChessBase"]
[PlyCount "100"]
[EventDate "2022.07.13"]
[EventType "swiss"]
[EventCountry "SUI"]
[SourceTitle "playchess.com"]
[Source "ChessBase"]
[SourceQuality "1"]
[TimeControl "40/5400+30:1800+30"]

1. d4 d5 2. c4 c6 3. Nf3 Nf6 4. e3 Bf5 5. Nc3 e6 6. Nh4 Bg6 7. Be2 Nbd7 8. O-O Bd6 9. g3 dxc4 10. Bxc4 Qe7 11. Bd2 Nb6 12. Be2 O-O 13. Nxg6 hxg6 14. Qc2 Rac8 15. Rac1 e5 16. dxe5 Bxe5 17. a4 Qe6 18. b3 Rfe8 19. Bf3 g5 20. Ne4 Nxe4 21. Bxe4 g6 22. Bg2 g4 23. a5 Nd5 24. Qc4 a6 25. e4 Nc7 26. Be3 Rcd8 27. Bb6 Rd7 28. h3 Nb5 29. Qxe6 Rxe6 30. hxg4 Bd4 31. Rfe1 Bxb6 32. axb6 Rd2 33. Red1 Red6 34. Rxd2 Rxd2 35. Bf1 Nd4 36. Bxa6 Nxb3 37. Rc3 Nd4 38. Rd3 Rxd3 39. Bxd3 Ne6 40. e5 Nc5 41. Bc4 Kf8 42. g5 Ke7 43. f4 Nd7 44. Kf2 Nxb6 45. Bb3 Nd7 46. Ke3 Nc5 47. Bd1 Ne6 48. Bf3 Kd7 49. Bg4 Ke7 50. Bxe6 fxe6 1/2-1/2

[Event "55th Biel Festival MTO 2022"]
[Site "Biel"]
[Date "2022.07.21"]
[Round "8.13"]
[White "Petrov, Martin"]
[Black "Pavlovic, Milos"]
[Result "0-1"]
[ECO "C10"]
[WhiteElo "2534"]
[BlackElo "2461"]
[Annotator "RC"]
[PlyCount "158"]
[EventDate "2022.07.13"]
[EventType "swiss"]
[EventCountry "SUI"]
[SourceTitle "playchess.com"]
[Source "ChessBase"]
[SourceQuality "1"]
[TimeControl "40/5400+30:1800+30"]

1. e4 e6 2. d4 d5 3. Nc3 dxe4 4. Nxe4 Be7 5. Nf3 Nf6 6. Bd3 Nbd7 7. Qe2 Nxe4 8. Bxe4 c5 9. Be3 cxd4 10. Bxd4 Qa5+ 11. c3 Bf6 12. O-O-O O-O 13. Kb1 Bxd4 14. Rxd4 Nf6 15. Bc2 Bd7 16. Qe5 Qxe5 17. Nxe5 Bc6 18. Nxc6 bxc6 19. Rhd1 Rfc8 20. Rc4 Nd5 21. Rc5 Rab8 22. Bb3 Kf8 23. c4 Nf6 24. f3 Ke7 25. Ba4 Rb6 26. Ra5 Rc7 27. c5 Rb8 28. Rd6 Rbc8 29. Bb3 Rb8 30. Ra6 Rbc8 31. Ra5 Rb8 32. Ra6 Rbc8 33. Rd4 Nd7 34. Ra5 Rb8 35. Rda4 Rb5 36. Rxa7 Rxa7 37. Rxa7 Rxc5 38. a4 Kd6 39. a5 Rb5 40. Bc4 Rb8 41. Kc2 g5 42. Kc3 h5 43. g3 g4 44. f4 f5 45. b4 Nf6 46. b5 cxb5 47. Ra6+ Kc5 48. Bxe6 Ne4+ 49. Kb3 Nd2+ 50. Kc3 Ne4+ 51. Kb2 Nd6 52. Bd7 Rd8 53. Ra7 Nc4+ 54. Kc1 Nxa5 55. Bxf5 Nb3+ 56. Kb2 Nd2 57. Rc7+ Kb4 58. Bd7 Ne4 59. Kc2 Nc5 60. Bxb5 Kxb5 61. Rh7 Rd5 62. Re7 Kc4 63. Re1 Nb3 64. Re4+ Nd4+ 65. Kd2 Ra5 66. f5 Rxf5 67. Re8 Rf2+ 68. Ke1 Rxh2 69. Kf1 Kd3 70. Re5 Nf3 71. Re3+ Kd4 72. Re4+ Kd5 73. Rf4 Nd4 74. Rf8 Ra2 75. Rh8 Ke4 76. Rf8 Nf5 77. Kg1 Ra3 78. Re8+ Kf3 79. Re5 Kxg3 0-1

[Event "55th Biel Festival MTO 2022"]
[Site "Biel"]
[Date "2022.07.21"]
[Round "8.14"]
[White "Karthik Rajaa"]
[Black "Raja Harshit"]
[Result "0-1"]
[ECO "A37"]
[WhiteElo "2331"]
[BlackElo "2477"]
[Annotator "RC"]
[PlyCount "60"]
[EventDate "2022.07.13"]
[EventType "swiss"]
[EventCountry "SUI"]
[SourceTitle "playchess.com"]
[Source "ChessBase"]
[SourceQuality "1"]
[TimeControl "40/5400+30:1800+30"]

1. Nf3 c5 2. g3 g6 3. c4 Nc6 4. Nc3 Bg7 5. Bg2 d6 6. d3 Bd7 7. O-O Qc8 8. e3 h5 9. h4 Nh6 10. Qd2 Bh3 11. Nd5 O-O 12. Rb1 Bxg2 13. Kxg2 e6 14. Nf4 Ne5 15. Qe2 Qc6 16. e4 b5 17. b3 Nhg4 18. Ng5 a5 19. f3 Nf6 20. Be3 Rfb8 21. Qc2 a4 22. cxb5 Rxb5 23. bxa4 Rba5 24. Rf2 Rxa4 25. Rd2 Nfd7 26. Qb3 c4 27. Qc2 Qa6 28. d4 c3 29. Qxc3 Rc8 30. Qb3 Nc4 0-1

[Event "55th Biel Festival MTO 2022"]
[Site "Biel"]
[Date "2022.07.21"]
[Round "8.15"]
[White "Azarov, Sergei"]
[Black "Krishna C R G"]
[Result "1/2-1/2"]
[ECO "C07"]
[WhiteElo "2566"]
[BlackElo "2430"]
[Annotator "RC"]
[PlyCount "75"]
[EventDate "2022.07.13"]
[EventType "swiss"]
[EventCountry "SUI"]
[SourceTitle "playchess.com"]
[Source "ChessBase"]
[SourceQuality "1"]
[TimeControl "40/5400+30:1800+30"]

1. e4 e6 2. d4 d5 3. Nd2 c5 4. exd5 Qxd5 5. dxc5 Nf6 6. Ngf3 Qxc5 7. Bd3 Nbd7 8. O-O Be7 9. a4 Qc7 10. a5 O-O 11. Nb3 Nd5 12. c3 N7f6 13. Re1 Rd8 14. Nbd4 Bd7 15. a6 Be8 16. Qe2 Bc5 17. g3 Rab8 18. Bc4 bxa6 19. Rxa6 Rdc8 20. Bd3 Rb6 21. Ra2 a5 22. Rxa5 Rxb2 23. Bxb2 Qxa5 24. Nb3 Qb6 25. Nxc5 Qxc5 26. Rc1 Nb6 27. c4 Bc6 28. Bxf6 gxf6 29. Be4 Qa3 30. Rd1 Bxe4 31. Qxe4 Nxc4 32. Kg2 Qa4 33. Rd4 Qc6 34. Rd8+ Kg7 35. Qg4+ Kh6 36. Qf4+ Kg7 37. Qg4+ Kh6 38. Qh4+ 1/2-1/2

[Event "55th Biel Festival MTO 2022"]
[Site "Biel"]
[Date "2022.07.21"]
[Round "8.16"]
[White "Seul, Georg"]
[Black "Shevchenko, Kirill"]
[Result "1/2-1/2"]
[ECO "B51"]
[WhiteElo "2367"]
[BlackElo "2654"]
[Annotator "RC"]
[PlyCount "94"]
[EventDate "2022.07.13"]
[EventType "swiss"]
[EventCountry "SUI"]
[SourceTitle "playchess.com"]
[Source "ChessBase"]
[SourceQuality "1"]
[TimeControl "40/5400+30:1800+30"]

1. e4 c5 2. Nf3 d6 3. Bb5+ Nd7 4. d4 cxd4 5. Qxd4 a6 6. Bxd7+ Qxd7 7. c4 e5 8. Qd3 f5 9. Nc3 Nf6 10. exf5 Qxf5 11. Qe2 Be7 12. Bg5 Be6 13. O-O Rc8 14. b3 O-O 15. Rad1 b5 16. Bxf6 Rxf6 17. Nd5 Bxd5 18. Rxd5 Qg4 19. c5 Rg6 20. g3 e4 21. Nd4 Qxe2 22. Nxe2 dxc5 23. Re5 Kf7 24. Rxe4 Re6 25. Rf4+ Bf6 26. Nc3 g5 27. Rf3 Kg6 28. Rc1 Bd4 29. Rc2 Rce8 30. h3 h5 31. Kg2 Re1 32. g4 hxg4 33. hxg4 R8e5 34. Rf8 Kg7 35. Rf3 Kg6 36. Rf8 Re6 37. Rg8+ Kh6 38. Rf8 Kg7 39. Rf5 Kg6 40. Kf3 c4 41. Ne2 Rd1 42. Nxd4 Rd3+ 43. Kg2 Rxd4 44. Rc5 Rxg4+ 45. Kf1 Ree4 46. Rc6+ Kf5 47. Rxa6 Re6 1/2-1/2

[Event "55th Biel Festival MTO 2022"]
[Site "Biel"]
[Date "2022.07.21"]
[Round "8.17"]
[White "Herrera Reyes, Jose Antonio"]
[Black "Huschenbeth, Niclas"]
[Result "0-1"]
[ECO "C44"]
[WhiteElo "2345"]
[BlackElo "2610"]
[Annotator "RC"]
[PlyCount "140"]
[EventDate "2022.07.13"]
[EventType "swiss"]
[EventCountry "SUI"]
[SourceTitle "playchess.com"]
[Source "ChessBase"]
[SourceQuality "1"]
[TimeControl "40/5400+30:1800+30"]

1. e4 e5 2. Nf3 Nc6 3. c4 Bc5 4. a3 a5 5. Nxe5 Qh4 6. Nd3 Qxe4+ 7. Qe2 Qxe2+ 8. Bxe2 Ba7 9. Nc3 Nd4 10. Bd1 Nf6 11. O-O O-O 12. b4 axb4 13. axb4 d6 14. Nf4 Ne6 15. d4 Bd7 16. Nxe6 Bxe6 17. c5 Bc4 18. Re1 Rae8 19. Be3 Bb8 20. c6 bxc6 21. Ba4 Nd5 22. Nxd5 Bxd5 23. Rec1 f5 24. g3 Kf7 25. Rxc6 Re7 26. Bb5 h6 27. h4 Kf6 28. Rc3 g5 29. hxg5+ hxg5 30. Bc6 Bxc6 31. Rxc6 Re4 32. Kg2 Ke6 33. b5 f4 34. gxf4 gxf4 35. Kf3 Kd5 36. Bd2 Rxd4 37. Bc3 Rd3+ 38. Ke2 Rh3 39. Rd1+ Ke6 40. Rg1 Rh5 41. Rg6+ Kd5 42. Kf3 Rf7 43. Ba5 Rh3+ 44. Kg4 Ra3 45. Rg5+ Ke6 46. Ra6 f3 47. Rg8 Ra1 48. Be1 Rxa6 49. bxa6 Ba7 50. Ra8 Bb6 51. Kg3 Kd5 52. Bd2 Kc6 53. Rb8 d5 54. Ba5 Rg7+ 55. Kxf3 Rf7+ 56. Ke2 Bxf2 57. Bxc7 Ba7 58. Bg3 Re7+ 59. Kd2 Bxb8 60. Bxb8 Re4 61. a7 Ra4 62. Kc3 Kc5 63. Kb3 Ra6 64. Kc3 d4+ 65. Kb3 Kd5 66. Kb4 Ra1 67. Kb3 Ke4 68. Kc2 d3+ 69. Kd2 Ra2+ 70. Kc3 d2 0-1

[Event "55th Biel Festival MTO 2022"]
[Site "Biel"]
[Date "2022.07.21"]
[Round "8.18"]
[White "Song, Julien"]
[Black "Gagare, Shardul"]
[Result "0-1"]
[ECO "E01"]
[WhiteElo "2391"]
[BlackElo "2514"]
[Annotator "TA"]
[PlyCount "128"]
[EventDate "2022.07.13"]
[EventType "swiss"]
[EventCountry "SUI"]
[SourceTitle "playchess.com"]
[Source "ChessBase"]
[SourceQuality "1"]
[TimeControl "40/5400+30:1800+30"]

1. d4 Nf6 2. c4 e6 3. Nf3 d5 4. g3 h6 5. Bg2 Bd6 6. O-O {[%emt 0:01:42] E01: Catalan: Early deviations.} O-O 7. c5 Be7 {[%emt 0:00:09] [#]} 8. b4 $146 {[%emt 0:00:26] The position is equal.} ({Predecessor:} 8. Nbd2 Nc6 9. Nb3 a5 10. a4 b6 11. cxb6 cxb6 12. Bf4 Ba6 13. Re1 Bb4 14. Bd2 Bxd2 15. Nbxd2 {0-1 (26) Dumont,G (1677)-Beck,G (1999) ICCF email 2016}) 8... b6 9. Bf4 Ne4 {[%emt 0:17:23] Inhibits Nc3.} 10. Nfd2 Nxd2 11. Qxd2 (11. Nxd2 Nc6 $15) 11... Nc6 12. b5 Na5 13. Rc1 (13. e4 $1 $11 {deserves consideration.}) 13... c6 (13... g5 $5 14. cxb6 cxb6 $11) 14. cxb6 axb6 {[%emt 0:02:54] Black wants to play ...g5.} 15. Nc3 (15. bxc6 $11 {keeps the balance.} g5 16. Be5 (16. c7 Qd7 $17)) 15... g5 $17 16. Be3 Nc4 17. Qd3 c5 18. a4 Bb7 (18... Nxe3 $17 19. Qxe3 Bb7) 19. Bd2 (19. dxc5 $1 $11 {remains equal.} Nxe3 20. c6 Nxg2 21. cxb7) 19... cxd4 20. Qxd4 e5 21. Qd3 e4 $1 22. Qc2 f5 23. Be1 Rc8 24. e3 Bf6 25. Qa2 Rf7 26. Rab1 Ne5 27. Ne2 Nd3 {[%emt 0:00:06] Hoping for ...Rxc1.} 28. Rxc8 Qxc8 29. Nd4 (29. Bh3 $15) 29... Bxd4 30. exd4 f4 31. a5 (31. Bf1 $1 $15) 31... bxa5 $1 {[%emt 0:00:59] 0x0.0019888be984dp-1022s more active pieces.} 32. Bxa5 $2 (32. Bf1 $17) 32... fxg3 $19 33. fxg3 Rf2 34. Qb3 Qf5 $1 {[%emt 0:00:42] Strongly threatening ...e3.} 35. Qd1 Ra2 {[%emt 0:00:47] ( -> ...Qf2+)} 36. Be1 {[%emt 0:00:02] Prevents Qf2+.} Qf6 37. Kh1 Qxd4 (37... Nf2+ 38. Bxf2 Qxf2 39. Qf1 $11) 38. Qh5 Kg7 {[%emt 0:00:43] aiming for ...Ra1.} (38... Nf2+ 39. Bxf2 Rxf2 40. Qxh6 $15 (40. Qg6+ Qg7 $15)) 39. Qe8 {[%emt 0:00:12] [#]} (39. h4 $17 {might work better.}) 39... Nf2+ $2 (39... Qf6 40. Qb8 (40. Qd7+ Qf7 $17) 40... Ba8 41. Qc8 $17) (39... Rf2 $1 $19 40. h4 (40. Bxf2 {is a self mate.} Nxf2+ 41. Kg1 Nh3+ 42. Kh1 Qg1+ 43. Rxg1 Nf2#) (40. h3 Rf8) 40... Rf7 41. hxg5 hxg5) 40. Bxf2 $11 Rxf2 $40 {[%emt 0:00:09][%mdl 128] White needs to defend precisely.} 41. Rc1 Rf7 {[%emt 0:02:53] Against Rc7} 42. Bh3 (42. Rf1 Rxf1+ 43. Bxf1 Qf6) 42... Qb2 43. Rf1 Rxf1+ 44. Bxf1 {[%emt 0:00:00][%mdl 4096] Endgame KQB-KQB} Qf6 45. Kg1 Qb6+ 46. Kh1 Qc7 {[%emt 0:02:25] ...d4 is the strong threat.} 47. Qe6 e3 {[%emt 0:02:46] White must now prevent ...Qf7.} (47... Qf7 $5 48. Qe5+ Kg8 $11) 48. b6 $2 (48. Kg1 $11) 48... d4+ $2 ({Black should try} 48... Qf7 $1 $19 49. Qe5+ Kg8 50. Qb8+ Qf8 51. Qxf8+ Kxf8) 49. Kg1 Qc6 {[%emt 0:00:50] The board is on fire.} (49... Qf7 $5 50. Qe5+ Qf6 51. Qc7+ Qf7 $11) 50. Qxc6 Bxc6 {[%emt 0:00:02] KB-KB} 51. Ba6 {[%emt 0:00:01] Against Bb7. Threatens to win with b7.} Kf6 52. b7 Bxb7 53. Bxb7 {[%emt 0:00:03] Ba6 would kill now. KB-KP} Ke5 (53... d3 $2 54. Be4 $18) 54. Kf1 {[%emt 0:04:32] White wants to mate with Ke2.} d3 55. Bf3 Kf5 $2 (55... Kd4 $11) 56. h3 $2 ({Inferior is} 56. Ke1 Ke5 $11) ({White has to play} 56. Bh5 $1 $18 Ke5 57. Kg2) 56... Ke5 57. Ke1 Kd4 58. Kd1 Kc3 59. Be4 $2 {[%emt 0:00:17][%mdl 8192] [#]} (59. Bh5 $11) 59... e2+ $1 {[%emt 0:00:44] Black mates.} 60. Ke1 {[%emt 0:00:12] [#]} Kd4 $1 61. Bxd3 Kxd3 62. g4 Ke3 63. h4 gxh4 64. g5 h3 {[%emt 0:00:05] What a fight!  Weighted Error Value: White=0.60/Black=0.18 (very precise)} 0-1

[Event "55th Biel Festival MTO 2022"]
[Site "Biel"]
[Date "2022.07.21"]
[Round "8.19"]
[White "Rathanvel V S"]
[Black "Haimovich, Tal"]
[Result "1/2-1/2"]
[ECO "C19"]
[WhiteElo "2478"]
[BlackElo "2372"]
[Annotator "RC"]
[PlyCount "35"]
[EventDate "2022.07.13"]
[EventType "swiss"]
[EventCountry "SUI"]
[SourceTitle "playchess.com"]
[Source "ChessBase"]
[SourceQuality "1"]
[TimeControl "40/5400+30:1800+30"]

1. e4 e6 2. d4 d5 3. Nc3 Bb4 4. e5 c5 5. a3 Bxc3+ 6. bxc3 Nc6 7. Nf3 Nge7 8. Bd3 Qa5 9. Bd2 c4 10. Be2 Bd7 11. O-O f6 12. exf6 gxf6 13. Nh4 O-O-O 14. f4 Rdg8 15. Bg4 Ng6 16. Nxg6 hxg6 17. Qe1 Nd8 18. Rf2 1/2-1/2